 Dungeon Crawl Stone Soup version 0.19.5 (webtiles) character file.

977 Scud the Covert (level 8, -4/52 HPs)
             Began as an Octopode Assassin on Mar 17, 2017.
             Was an Initiate of Dithmenos.
             Slain by Grinder (9 damage)
             ... while paralysed by Grinder
             ... on level 6 of the Dungeon.
             The game lasted 00:32:25 (6382 turns).

Scud the Covert (Octopode Assassin)                 Turns: 6382, Time: 00:32:26

Health: -4/52      AC:  3    Str: 11    XL:     8   Next: 17%
Magic:  8/8        EV:  2    Int: 13    God:    Dithmenos [......]
Gold:   261        SH:  0    Dex: 15    Spells: 0 memorised, 7 levels left

rFire  + . .     SeeInvis .     b - +0 blowgun
rCold  + . .     Gourm    .     (no shield)
rNeg   . . .     Faith    .     (helmet restricted)
rPois  .         Spirit   .     (no amulet)
rElec  .         Reflect  .     h - +2 ring of protection
rCorr  .         Harm     .     j - ring of protection from cold
MR     .....                    (no ring)
Stlth  +++++.....               (no ring)
                                (no ring)
                                (no ring)
                                (no ring)
                                (no ring)

@: paralysed
A: almost no armour, stealthy swim, amphibious, 8 rings, constrict 8, tentacle
spike 1, camouflage 1, fire resistance 1, gelatinous body 1, subdued magic 1
a: Renounce Religion


You were on level 6 of the Dungeon.
You worshipped Dithmenos.
Dithmenos was noncommittal.
You were not hungry.

You visited 2 branches of the dungeon, and saw 7 of its levels.

You collected 261 gold pieces.

Inventory:

Hand Weapons
 a - a +2 dagger
 b - a +0 blowgun (weapon)
 l - a +1 short sword of electrocution
 p - a +2 short sword of draining
Missiles
 c - 15 poisoned needles (quivered)
 d - 2 curare-tipped needles
Jewellery
 h - a +2 ring of protection (left tentacle)
 j - a ring of protection from cold (right tentacle)
Wands
 r - a wand of confusion (5/48)
 x - a wand of slowing (31/48)
 B - a wand of paralysis (11/24)
Scrolls
 g - a scroll of magic mapping
 i - 2 scrolls of identify
 n - a scroll of fear {unknown}
 q - a scroll of immolation {unknown}
 u - a scroll of blinking
 w - a scroll of remove curse
 y - a scroll of teleportation
Potions
 e - 2 potions of berserk rage
 k - 2 potions of brilliance
 m - a potion of curing
 s - 2 potions of haste {unknown}
 t - a potion of might {unknown}
Books
 z - a book of Air

   Spells                             Type                      Level
   a - Shock                          Conjuration/Air              1
   b - Swiftness                      Charms/Air                   2
   c - Repel Missiles                 Charms/Air                   2
   d - Static Discharge               Conjuration/Air              3
   e - Lightning Bolt                 Conjuration/Air              5
Comestibles
 f - a bread ration
 o - a slice of pizza
 v - 2 meat rations
 A - 6 chunks of flesh


   Skills:
 + Level 3.4 Fighting
 + Level 5.2 Short Blades
 + Level 2.8 Throwing
 + Level 3.3 Dodging
 + Level 10.0 Stealth


You had 7 spell levels left.
You didn't know any spells.

Dungeon Overview and Level Annotations

Branches:
Dungeon (6/15)             Temple (1/1) D:4

Altars:
Ashenzari
Cheibriados
Dithmenos
Elyvilon
Fedhas
Gozag
Hepliaklqana
Kikubaaqudgha
Okawaru
Qazlal
Ru
Sif Muna
Trog
Uskayaw
Vehumet

Annotations:
D:6 Grinder


Innate Abilities, Weirdness & Mutations

You cannot wear most types of armour.
You are very stealthy in the water. (Stealth+)
You are amphibious.
You can wear up to eight rings at the same time.
You can use your tentacles to constrict eight enemies at once.
Your skin changes colour to match your surroundings (Stealth+).
Your rubbery body absorbs attacks. (AC +1, EV +1)
One of your tentacles bears a spike.
Your flesh is heat resistant. (rF+)
Your spells are a little easier to cast, but a little less powerful.


Message History

You shoot a poisoned needle. The poisoned needle hits Grinder.
Grinder is severely wounded.
Firing (i - inventory. (,) - cycle):
c - 16 poisoned needles (quivered)
Press: ? - help, Shift-Dir - straight line, f/p - Grinder
Aim: Grinder (severely wounded)
You shoot a poisoned needle.
The poisoned needle barely misses Grinder.
Grinder hits you.
* * * LOW HITPOINT WARNING * * *
You writhe in agony.
* * * LOW HITPOINT WARNING * * *
Grinder barely misses you. Grinder gestures at you.
You suddenly lose the ability to move!
Grinder gestures at you. You resist with some effort. Grinder hits you!
* * * LOW HITPOINT WARNING * * *
Grinder hits you!
You die...

..<# #..# #..# ...#
##.###### ...# ## ...#
#..#(..# ##..####..
..## ##.#...#
##..##..... ..#
#.....## ##..##......
###
#......###...#.......
##......##...#...<....
#......5#...#.........
#......#@..###........
#####.###(## ###......
### ### ##... ##


You could see Grinder.

Vanquished Creatures
  A sky beast (D:6)
  An ice beast (D:4)
  3 ogres
  A scorpion (D:4)
  A hound (D:4)
  3 orc priests
  A jelly (D:6)
  Ijyb (D:3)
  An iguana (D:4)
  3 worker ants
  A worker ant zombie (D:5)
  4 gnolls (D:4)
  3 adders
  4 worms
  3 dart slugs
  A leopard gecko (D:1)
  14 orcs
  2 ball pythons
  14 bats
  5 giant cockroaches
  10 hobgoblins
  16 jackals
  6 kobolds
  2 quokkas
  6 frilled lizards
  8 goblins
  2 leopard gecko skeletons (D:4)
  A quokka skeleton (D:5)
  6 rats
124 creatures vanquished.

Notes
Turn   | Place    | Note
-------+----------+-------------------------------------------
     0 | D:1      | Scud the Octopode Assassin began the quest for the Orb.
     0 | D:1      | Reached XP level 1. HP: 14/14 MP: 1/1
   280 | D:1      | Reached XP level 2. HP: 19/19 MP: 2/2
   903 | D:1      | Reached skill level 6 in Stealth
   935 | D:1      | Reached XP level 3. HP: 25/25 MP: 3/3
  1282 | D:2      | Found an opulent altar of Gozag.
  1365 | D:2      | Reached XP level 4. HP: 9/30 MP: 4/4
  1774 | D:2      | Reached skill level 7 in Stealth
  1947 | D:3      | Noticed Ijyb
  1983 | D:3      | Killed Ijyb
  1983 | D:3      | Reached XP level 5. HP: 33/35 MP: 5/5
  2291 | D:3      | Gained mutation: One of your tentacles bears a spike. [potion of mutation]
  2291 | D:3      | Gained mutation: Your spells are a little easier to cast, but a little less powerful. [potion of mutation]
  2291 | D:3      | Gained mutation: Your flesh is heat resistant. (rF+) [potion of mutation]
  2912 | D:4      | Reached XP level 6. HP: 41/41 MP: 6/6
  2928 | D:4      | Reached skill level 8 in Stealth
  3417 | D:4      | Noticed an ice beast
  3425 | D:4      | Killed an ice beast
  3564 | D:4      | Found a staircase to the Ecumenical Temple.
  3592 | Temple   | Entered the Ecumenical Temple
  3623 | Temple   | Became a worshipper of Dithmenos the Shadowed
  3791 | D:4      | Reached XP level 7. HP: 45/45 MP: 7/7
  4060 | D:5      | Entered Level 5 of the Dungeon
  4114 | D:5      | Reached skill level 9 in Stealth
  6163 | D:6      | Reached skill level 5 in Short Blades
  6163 | D:6      | Reached skill level 10 in Stealth
  6163 | D:6      | Reached XP level 8. HP: 30/52 MP: 8/8
  6344 | D:6      | Noticed Grinder
  6353 | D:6      | Paralysed by Grinder for 5 turns
  6378 | D:6      | Paralysed by Grinder for 7 turns
  6382 | D:6      | Slain by Grinder

Skill      XL: |  1  2  3  4  5  6  7 |
---------------+----------------------+-----
Stealth        | 6 7 8 10 | 10.0
Short Blades   | 3 4 5 |  5.2
Dodging        | 2 3 |  3.3
Fighting       | 3 |  3.4
Throwing       | |  2.8

Action                   |  1- 3 |  4- 6 |  7- 9 || total
-------------------------+-------+-------+-------++-------
Melee: Dagger            |    86 |    54 |       ||   140
       Constrict         |    23 |    28 |    10 ||    61
       Tentacles         |    13 |    16 |    15 ||    44
       Short sword       |       |    85 |    72 ||   157
       Kick              |       |    15 |    20 ||    35
 Fire: Blowgun           |       |       |     9 ||     9
  Use: Scroll            |     4 |     3 |       ||     7
       Potion            |     2 |     5 |       ||     7
 Stab: Sleeping          |     5 |    21 |     1 ||    27
       Distracted        |     1 |     1 |       ||     2
  Eat: Chunk             |     1 |     3 |       ||     4
       Bread ration      |       |     2 |     1 ||     3
Armor: Skin              |     2 |    26 |     6 ||    34
Dodge: Dodged            |    46 |    68 |    32 ||   146
